 Dungeon Crawl Stone Soup version 0.30-a0-743-gbfdf073431 (webtiles) character file.

Game seed: 15880090994389280791

1143 tilp the Slasher (level 8, -2/102 HPs)
             Began as a Meteoran Fighter on Feb 6, 2023.
             Was an Initiate of Okawaru.
             Slain by an ice beast (14 damage)
             ... on level 7 of the Dungeon.
             The game lasted 00:15:06 (3141 turns).

tilp the Slasher (Meteoran Fighter)                 Turns: 3141, Time: 00:15:07

Health: -2/102     AC: 13    Str: 17    XL:     8   Next: 96%
Magic:  9/9        EV:  8    Int: 10    God:    Okawaru [......]
Gold:   104        SH:  5    Dex: 16    Spells: 7/7 levels left

rFire   . . .      SeeInvis .    a - +1 long sword
rCold   . . .      Faith    .    c - +0 buckler
rNeg    . . .      Spirit   .    n - +0 chain mail
rPois   .          Reflect  .    x - +0 helmet
rElec   .          Harm     .    d - +1 cloak
rCorr   .          Rampage  .    (no gloves)
Will    +....                    (no boots) Stlth
                                 (no amulet)
HPRegen 0.37/turn                (no ring)
MPRegen 0.11/turn                (no ring)

@: berserking, glowing, very quick
A: sense surroundings 1, otherworldly, glowing, explore regen
a: Renounce Religion


You were on level 7 of the Dungeon.
You worshipped Okawaru.
Okawaru was noncommittal.
You visited 2 branches of the dungeon, and saw 9 of its levels.

You collected 254 gold pieces.
You spent 150 gold pieces at shops.

Inventory:

Hand Weapons
 a - a +1 long sword (weapon)
Missiles
 e - 5 boomerangs
 f - 41 stones
 g - 2 poisoned darts (quivered)
 p - 3 silver boomerangs
 r - 2 boomerangs of dispersal
 y - 4 javelins
 A - a throwing net
Armour
 c - a +0 buckler (worn)
 d - a +1 cloak (worn)
 n - a +0 chain mail (worn)
 x - a +0 helmet (worn)
Jewellery
 j - a ring of flight
 s - a +6 ring of intelligence
Wands
 t - a wand of iceblast (12)
Scrolls
 h - 5 scrolls of teleportation
 l - 2 scrolls of poison
 q - 3 scrolls of enchant weapon
Potions
 i - 2 potions of flight
 m - a potion of berserk rage
 v - 2 potions of mutation
 w - a potion of invisibility {unknown}
 B - 2 potions of curing


   Skills:
 * Level 5.1 Fighting
 * Level 6.9 Long Blades
 + Level 2.2 Throwing
 + Level 4.6 Armour
 + Level 4.6 Dodging
 * Level 3.1 Stealth
 - Level 4.0 Shields
 + Level 2.1 Evocations


You had 7 spell levels left.
You didn't know any spells.
Your spell library was empty.

Dungeon Overview and Level Annotations

Branches:
Dungeon (8/15) Zot: 1799   Temple (1/1) D:5 Zot: 352
   Lair: D:8-11

Altars:
Ashenzari
Cheibriados
Dithmenos
Elyvilon
Fedhas
Gozag
Hepliaklqana
Kikubaaqudgha
Nemelex Xobeh
Okawaru
Qazlal
Ru
Trog
Uskayaw
Vehumet
Wu Jian
Xom
Yredelemnul
Zin
The Shining One

Shops:
D:2 ?   D:4 [

Annotations:
D:3 Eustachio
D:8 Maurice


Innate Abilities, Weirdness & Mutations

You passively map a small area around you.
You are easily found by Zot.
You glow in the dark.
You regain HP and MP as you explore.


Message History

You barely miss the ice beast.
The ice beast is almost dead.
The ice beast closely misses you.
The ice beast hits you but does no damage.
You slash the ice beast!
You kill the ice beast!
Okawaru accepts your kill. You block the ice beast's attack.
Your Evocations skill increases to level 2!
You slash the acid dragon!
The acid dragon is moderately wounded.
You block the ice beast's attack. The acid dragon spits acid at you.
The splash of acid hits you!!
* * * LOW HITPOINT WARNING * * *
You barely miss the acid dragon.
The acid dragon is moderately wounded.
You slash the acid dragon!
The acid dragon is severely wounded.
The ice beast closely misses you. The acid dragon closely misses you.
The acid dragon barely misses you.
You completely miss the acid dragon.
The acid dragon is severely wounded.
The ice beast misses you. The acid dragon bites you!
* * * LOW HITPOINT WARNING * * *
The acid dragon completely misses you.
You hit the acid dragon.
The acid dragon is almost dead.
The ice beast hits you but does no damage.
The acid dragon bites you but does no damage.
The acid dragon claws you but does no damage.
You closely miss the acid dragon.
The acid dragon is almost dead.
You slash the acid dragon!
You kill the acid dragon!
Okawaru accepts your kill. The ice beast hits you.
* * * LOW HITPOINT WARNING * * *
The ice beast freezes you!
You die...

.#########
#.........####
.# ,
*##............
.# * ,,
.#####........#
.# , * ..
###........# .#
, ,
....(#........#
.# ,* ,
,D#(.##.#......#
.# *
YY..#..#.######
## ,
###.Y.##..#.# ,
.# * ,,
,,#@#'#,#...#..
,, .#*
,##†YY###...###
.# ,,, + ,
#.g.##.....# .#
,* ##'#.#.....##
* .# ,,
#..###..#.## .#
#......#..# , ,
.##### ,
#......##+##
.#...###
*#.....## ,, ,
.#.#.#.##
#.....## , ,, **
,


You could see an ice beast, a sky beast and a gnoll bouda.

Vanquished Creatures
  An acid dragon (D:7)
  An ice beast (D:7)
  A sky beast (D:7)
  An ogre (D:4)
  A centaur (D:7)
  A phantom (D:5)
  A necrophage (D:4)
  A bullfrog (D:7)
  A jelly (D:4)
  2 hounds (D:4)
  Crazy Yiuf (D:3)
  3 orc priests (D:5)
  Jessica (D:3)
  Natasha (thrice) (D:3)
  4 orc wizards
  3 gnolls (D:4)
  5 adders
  A white imp (D:7)
  3 dart slugs
  26 orcs
  6 ball pythons
  11 endoplasms
  A giant cockroach (D:1)
  4 goblins
  3 hobgoblins
  2 jackals (D:2)
  2 quokkas
  8 bats
  2 frilled lizards (D:1)
  6 kobolds
  5 rats
111 creatures vanquished.

Notes
Turn   | Place    | Note
-------+----------+-------------------------------------------
     0 | D:1      | tilp the Meteoran Fighter began the quest for the Orb.
     0 | D:1      | Reached XP level 1. HP: 19/19 MP: 2/2
    57 | D:2      | Reached XP level 2. HP: 25/26 MP: 3/3
   191 | D:1      | Reached skill level 1 in Dodging
   389 | D:2      | Reached XP level 3. HP: 31/31 MP: 4/4
   400 | D:2      | Found Hedow's Magic Scroll Emporium.
   415 | D:2      | Bought a scroll of identify for 24 gold pieces
   679 | D:2      | Reached skill level 3 in Long Blades
   679 | D:2      | Reached XP level 4. HP: 38/38 MP: 5/5
   797 | D:3      | Noticed Jessica
   811 | D:3      | Killed Jessica
   812 | D:3      | Reached skill level 1 in Stealth
   831 | D:3      | Found a radiant altar of Vehumet.
   863 | D:3      | Identified the +4 whip of Fedhas's Castigation {heavy,
                  | Fragile rC++ SInv}
   944 | D:3      | Noticed Natasha
   954 | D:3      | Killed Natasha
   955 | D:3      | Reached XP level 5. HP: 35/45 MP: 6/6
   957 | D:3      | Noticed Natasha
   981 | D:3      | Killed Natasha
  1085 | D:3      | Found a runed translucent door.
  1086 | D:3      | Noticed Crazy Yiuf
  1092 | D:3      | Killed Crazy Yiuf
  1093 | D:3      | Reached XP level 6. HP: 48/52 MP: 7/7
  1128 | D:3      | Noticed Natasha
  1131 | D:3      | Killed Natasha
  1180 | D:3      | Reached skill level 4 in Long Blades
  1333 | D:4      | Noticed Eustachio
  1561 | D:2      | Bought a scroll of teleportation for 36 gold pieces
  1641 | D:4      | Reached XP level 7. HP: 17/59 MP: 8/8
  1646 | D:4      | Reached skill level 5 in Long Blades
  1680 | D:4      | Found Soceiwn's Armour Shoppe.
  1780 | D:4      | Reached skill level 6 in Long Blades
  1860 | D:5      | Entered Level 5 of the Dungeon
  2078 | D:4      | Reached skill level 1 in Throwing
  2078 | D:4      | Reached XP level 8. HP: 61/66 MP: 9/9
  2234 | D:2      | Bought a scroll of enchant armour for 90 gold pieces
  2403 | D:5      | Reached skill level 1 in Evocations
  2664 | D:5      | Found a staircase to the Ecumenical Temple.
  2671 | Temple   | Entered the Ecumenical Temple
  2904 | Temple   | Became a worshipper of Warmaster Okawaru
  3039 | D:7      | Reached skill level 5 in Fighting
  3063 | D:8      | Noticed Maurice
  3141 | D:7      | Slain by an ice beast

Illustrated notes

Levels and vault maps discovered:
D:1:      lightli_arrival_noodles, layout_basic
D:2:      layout_rooms, serial_rivers, chequers_serial_rivers_large_a,
          chequers_serial_rivers_large_b, chequers_serial_rivers_micro_c,
          chequers_serial_rivers_micro_d, serial_shops, shop, nicolae_titane
D:3:      layout_basic, lemuel_round_altar, minmay_misc_feat_ornament,
          uniq_natasha, uniq_jessica, uniq_crazy_yiuf_cottage
D:4:      layout_rooms, serial_shops, nicolae_shop_behind_doors,
          corner_web_ring, uniq_eustachio
D:5:      layout_basic, minmay_temple_entry_nine_rooms,
          kennysheep_generic_room_9
D:6:      layout_layer_cave, grunt_ministairs_11, uniq_sigmund, uniq_pikel,
          uniq_menkaure
D:7:      minmay_slanted_spiral_squares, layout_basic,
          dreamdust_mushroom_princess, minmay_curled_crystal, glass_columns_c
D:8:      layout_basic, chequers_big_river, st_stairs_1, uniq_psyche,
          uniq_maurice
Temple:   nicolae_temple_slightly_damp_pantheon

Skill      XL: |  1  2  3  4  5  6  7  8 |
---------------+-------------------------+-----
Dodging        | 1 2 3 4 |  4.6
Long Blades    | 3 4 6 |  6.9
Armour         | 4 |  4.6
Stealth        | 1 2 3 |  3.1
Shields        | 4 |  4.0
Fighting       | 4 5 |  5.1
Throwing       | 1 2 |  2.2
Evocations     | 2 |  2.1

Action                     |  1- 3 |  4- 6 |  7- 9 || total
---------------------------+-------+-------+-------++-------
  Melee: Long sword        |    80 |   133 |   221 ||   434
  Throw: Dart              |       |     1 |     8 ||     9
         Stone             |       |       |     2 ||     2
         Boomerang         |       |       |     2 ||     2
    Use: Potion            |       |     1 |     2 ||     3
         Scroll            |       |     1 |     8 ||     9
 Armour: Scale mail        |    38 |    62 |     4 ||   104
         Chain mail        |       |       |   158 ||   158
  Dodge: Dodged            |    41 |    49 |    98 ||   188
  Block: Buckler           |    21 |    39 |    72 ||   132

Table legend: (Time is in decaauts)
 A = Elapsed time spent in this place.
 B = Non-inter-level travel time spent in this place.
 C = Inter-level travel time spent in this place.
 D = Time resting spent in this place.
 E = Time spent auto-exploring this place.
 F = Levels seen in this place.
 G = Mean time per level.
                   A        B        C        D        E       F      G
               +--------+--------+--------+--------+--------+-----+--------+
         Total |   3247 |   2772 |    475 |    105 |      0 |   9 |  360.8 |
       Dungeon |   3000 |   2539 |    461 |      5 |      0 |   8 |  375.0 |
        Temple |    247 |    233 |     14 |    100 |      0 |   1 |  247.0 |
               +--------+--------+--------+--------+--------+-----+--------+

Top non-repeatable levels by time:
     D:3: 910 daAuts
     D:4: 611 daAuts
     D:2: 490 daAuts
     D:5: 424 daAuts
     D:1: 356 daAuts
  Temple: 247 daAuts
     D:7: 198 daAuts
     D:6: 7 daAuts
     D:8: 1 daAuts
